 Dungeon Crawl Stone Soup version 0.27-a0-1232-gc6a4cbde82 (webtiles) character file.

Game seed: 11249166260130351772

110 ZappyNine the Ruffian (level 4, -6/45 HPs)
             Began as a Troll Monk on June 8, 2021.
             Mangled by Crazy Yiuf
             ... wielding a +4 quarterstaff of chaos
              (13 damage)
             ... on level 2 of the Dungeon.
             The game lasted 00:02:21 (1367 turns).

ZappyNine the Ruffian (Troll Monk)                  Turns: 1367, Time: 00:02:22

Health: -6/45      AC:  4    Str: 20    XL:     4   Next: 61%
Magic:  3/3        EV: 10    Int:  6    God:
Gold:   93         SH:  0    Dex: 14    Spells: 3/3 levels left

rFire    . . .     SeeInvis .     - Unarmed
rCold    . . .     Faith    .   (no shield)
rNeg     . . .     Spirit   .   a - +0 robe
rPois    .         Reflect  .   (helmet restricted)
rElec    .         Harm     .   (no cloak)
rCorr    .         Rampage  .   (gloves unavailable)
Will     +....     Clarity  +   (boots unavailable)
Stlth    +++.......             (no amulet)
HPRegen  1.15/turn              (no ring)
MPRegen  0.08/turn              (no ring)

@: mighty, lethally poisoned (-6 -> -14)
A: large, unfitting armour, claws 3, regeneration 1, shaggy fur 1, tough skin 1,
thin skeletal structure 1, clarity, strong-willed 1
a: no special abilities


You were on level 2 of the Dungeon.
You visited 1 branch of the dungeon, and saw 2 of its levels.

You collected 93 gold pieces.

Inventory:

Armour
 a - a +0 robe (worn)
Potions
 f - 2 potions of might {unknown}


   Skills:
 + Level 3.2 Fighting
 + Level 3.2 Dodging
 - Level 1.0 Stealth
 + Level 3.9 Unarmed Combat


You had 3 spell levels left.
You didn't know any spells.
Your spell library contained the following spells:

 Spells                   Type           Power      Damage    Failure   Level
 Freeze                   Ice            0%         1d3       45%         1
 Summon Small Mammal      Summ           0%         N/A       45%         1
 Call Imp                 Summ           0%         N/A       58%         2
 Call Canine Familiar     Summ           0%         N/A       83%         3
 Frozen Ramparts          Ice            0%         1d2       83%         3
 Ozocubu's Armour         Ice            0%         N/A       83%         3
 Summon Guardian Golem    Hex/Summ       0%         N/A       83%         3
 Hailstorm                Conj/Ice       0%         3d3       99%         4
 Summon Ice Beast         Ice/Summ       0%         N/A       99%         4
 Summon Lightning Spire   Summ/Air       0%         N/A       99%         4
 Metabolic Englaciation   Hex/Ice        0%         N/A       100%        5


Dungeon Overview and Level Annotations

Branches:
Dungeon (2/15)

Altars:

Shops:
D:2 (

Annotations:
D:2 Crazy Yiuf


Innate Abilities, Weirdness & Mutations

You are too large for most types of armour.
You have claws for hands.
Your natural rate of healing is unusually fast.
You are covered in fur. (AC +1)
You have tough skin. (AC +1)
You have a somewhat thin skeletal structure. (Dex +2, Stealth+)
You possess an exceptional clarity of mind.
You are strong-willed. (Will+)


Message History

Your surroundings suddenly seem different.
There is an open door here.
There is an open door here.
Crazy Yiuf shouts!
Crazy Yiuf screams, "Ghoul bush meccalolo!"
Items here: ( ))))) [[[.
Could not explore, unopened runed door.
Could not explore, unopened runed door.
It was a potion of curing.
You feel better.
It was a potion of mutation.
You feel extremely strange.
You feel strong-willed.
Your bones become slightly less dense.
Your thoughts seem clearer.
Crazy Yiuf says, "Earwax sow spinner!"
You open the door. You claw Crazy Yiuf!
Crazy Yiuf is heavily wounded.
Crazy Yiuf hits you with a +4 quarterstaff of chaos!
You are poisoned.
You scratch Crazy Yiuf.
Crazy Yiuf is severely wounded.
You feel very sick.
Crazy Yiuf hits you with a +4 quarterstaff of chaos.
You feel very mighty all of a sudden.
You closely miss Crazy Yiuf.
Crazy Yiuf is severely wounded.
You feel sick.
Crazy Yiuf hits you with a +4 quarterstaff of chaos!
You are lethally poisoned!
You scratch Crazy Yiuf. Your claw misses Crazy Yiuf.
Crazy Yiuf is severely wounded.
* * * LOW HITPOINT WARNING * * *
You feel very sick. Crazy Yiuf barely misses you.
You scratch Crazy Yiuf.
Crazy Yiuf is almost dead.
* * * LOW HITPOINT WARNING * * *
You feel very sick.
Crazy Yiuf laughs, "Whippet senile blue!"
Crazy Yiuf hits you with a +4 quarterstaff of chaos!
You die...

### #(# #.#######
#######.+...[.. ##### ###
###.#...#.####### #...#
#...##..#......## #
#...######
#...g@####......######
....##...# #)..###
##..#........ ...###.###
### ####...##### ...'..>..#
#...# ...####..# #...#####
...# #..##### ####
###...##... ...#
#......###..#####'#.####...
...####.............<##.#.#
#...
.....##.......###.)..##.#.#
#...


You could see Crazy Yiuf.

Vanquished Creatures
  Terence (D:2)
  3 adders (D:2)
  2 dart slugs (D:2)
  3 orcs (D:2)
  3 endoplasms
  A giant cockroach (D:1)
  3 goblins
  5 hobgoblins
  3 jackals (D:2)
  A quokka (D:1)
  5 ball pythons
  4 bats
  2 frilled lizards (D:1)
  5 kobolds
  12 rats
53 creatures vanquished.

Notes
Turn   | Place    | Note
-------+----------+-------------------------------------------
     0 | D:1      | ZappyNine the Troll Monk began the quest for the Orb.
     0 | D:1      | Reached XP level 1. HP: 22/22 MP: 0/0
    63 | D:1      | Reached XP level 2. HP: 29/29 MP: 1/1
   285 | D:1      | Found a faded altar of an unknown god.
   414 | D:2      | Found Qoelaet's Antique Weapon Shop.
   438 | D:2      | Reached XP level 3. HP: 36/36 MP: 2/2
   467 | D:2      | Noticed Terence
   597 | D:2      | Killed Terence
   749 | D:2      | Reached XP level 4. HP: 45/45 MP: 3/3
  1037 | D:2      | Found a runed translucent door.
  1038 | D:2      | Noticed Crazy Yiuf
  1361 | D:2      | Gained mutation: You are strong-willed. (Will+) [potion of
                  | mutation]
  1361 | D:2      | Gained mutation: You have a somewhat thin skeletal
                  | structure. (Dex +2, Stealth+) [potion of mutation]
  1361 | D:2      | Gained mutation: You possess an exceptional clarity of
                  | mind. [potion of mutation]
  1367 | D:2      | Mangled by Crazy Yiuf

Illustrated notes

Levels and vault maps discovered:
D:1:      lightli_arrival_chessboard, layout_rooms, basic_ecumenical_altar
D:2:      layout_basic, serial_shops, nicolae_shop_overgrown_old_shop,
          minmay_misc_feat_enclosed, uniq_crazy_yiuf_cottage, uniq_terence

Skill      XL: |  1  2  3 |
---------------+----------+-----
Fighting       | 3 |  3.2
Dodging        | 3 |  3.2
Stealth        | |  1.0
Unarmed Combat | |  3.9

Action                   |  1- 3 |  4- 6 || total
-------------------------+-------+-------++-------
Melee: Unarmed           |    80 |    49 ||   129
       Punch             |     1 |       ||     1
  Use: Scroll            |     1 |     2 ||     3
       Potion            |     1 |     2 ||     3
 Stab: Sleeping          |     1 |       ||     1
Armor: Robe              |    30 |     8 ||    38
Dodge: Dodged            |    46 |    21 ||    67

Table legend: (Time is in decaauts)
 A = Elapsed time spent in this place.
 B = Non-inter-level travel time spent in this place.
 C = Inter-level travel time spent in this place.
 D = Time resting spent in this place.
 E = Time spent auto-exploring this place.
 F = Levels seen in this place.
 G = Mean time per level.
                   A        B        C        D        E       F      G
               +--------+--------+--------+--------+--------+-----+--------+
         Total |   1359 |   1335 |     24 |    203 |    812 |   2 |  679.5 |
       Dungeon |   1359 |   1335 |     24 |    203 |    812 |   2 |  679.5 |
               +--------+--------+--------+--------+--------+-----+--------+

Top non-repeatable levels by time:
     D:2: 846 daAuts
     D:1: 513 daAuts
